[ AOE2 MATCH · #507330585 ]
UnrankedBurgundians vs Spanish
Rival team · WIN
[ REPLAY ANALYSIS · EXTRACTED FROM THE RECORDED GAME ]
Feudal
10:39
Castle
23:31
Imperial
—
| APM avg | 41.0 |
| APM peak | 83 |
| eAPM avg | 18.5 |
| Villagers / military | 66 / 24 |
Focus
⚔️ 40.8% · 🌾 59.2%
Cavalry Archer ×20 · Flemish Militia ×2 · Mangonel ×1 · Spearman ×1
Feudal
10:58
Castle
15:24
Imperial
—
| APM avg | 44.9 |
| APM peak | 78 |
| eAPM avg | 17.3 |
| Villagers / military | 22 / 37 |
Focus
⚔️ 53.8% · 🌾 46.2%
Conquistador ×27 · Mangonel ×8 · Petard ×1 · Scorpion ×1
Match map
Initial resources + every placement click. Lines = walls · curves = elevation contours. ◆ gold · ⬟ stone · ● berries · ✦ relic · ◌ wall gap
Your base· ✓ Closed at 23:31 · 78t walls · no gate
DYN_BenderGC's base· Open — unwalled flank
Smoothed initial terrain · ◌ = detected wall gap · hover for details
Inputs per minute
— Psi doc - - DYN_BenderGC
Build order — Psi doc
First 150 of 188 actions detected
| 0:00 | Queue | Villager (Male) ×4 |
| 0:02 | Build | House |
| 0:04 | Build | House |
| 1:34 | Queue | Villager (Male) |
| 1:40 | Research | Loom |
| 1:52 | Queue | Villager (Male) |
| 2:01 | Queue | Villager (Male) |
| 2:30 | Queue | Villager (Male) |
| 2:53 | Queue | Villager (Male) |
| 3:16 | Build | Palisade Wall |
| 3:17 | Build | Palisade Wall |
| 3:18 | Build | Palisade Wall |
| 3:25 | Queue | Villager (Male) |
| 3:26 | Queue | Villager (Male) |
| 3:35 | Build | Palisade Wall |
| 3:35 | Build | Palisade Wall |
| 3:37 | Build | Palisade Wall |
| 3:43 | Queue | Villager (Male) |
| 3:59 | Build | House |
| 4:06 | Build | Palisade Wall |
| 4:08 | Build | Palisade Wall |
| 4:16 | Queue | Villager (Male) |
| 4:55 | Queue | Villager (Male) |
| 5:08 | Build | Lumber Camp |
| 5:15 | Queue | Villager (Male) |
| 5:26 | Queue | Villager (Male) |
| 6:24 | Build | Mill |
| 6:27 | Queue | Villager (Male) |
| 6:55 | Queue | Villager (Male) |
| 7:34 | Queue | Villager (Male) |
| 7:53 | Build | House |
| 8:00 | Build | House |
| 8:29 | Research | Feudal Age |
| 9:58 | Build | Barracks |
| 9:59 | Queue | Villager (Male) |
| 10:39 | Age | Feudal Age |
| 10:43 | Build | Watch Tower |
| 10:44 | Queue | Flemish Militia |
| 10:44 | Queue | Flemish Militia |
| 10:46 | Queue | Villager (Male) |
| 10:50 | Build | Mining Camp |
| 10:53 | Queue | Villager (Male) |
| 11:15 | Build | Watch Tower |
| 11:20 | Queue | Villager (Male) |
| 11:24 | Research | Double-Bit Axe |
| 11:41 | Queue | Spearman |
| 12:07 | Queue | Villager (Male) |
| 12:29 | Queue | Villager (Male) |
| 12:34 | Build | Farm |
| 12:36 | Build | Farm |
| 12:51 | Build | Watch Tower |
| 12:59 | Build | House |
| 13:00 | Build | House |
| 13:02 | Build | House |
| 13:04 | Queue | Villager (Male) |
| 13:43 | Queue | Villager (Male) |
| 13:55 | Queue | Villager (Male) |
| 13:58 | Build | Farm |
| 14:00 | Build | Farm |
| 14:25 | Build | Palisade Wall |
| 14:26 | Build | Palisade Wall |
| 14:26 | Build | Palisade Wall |
| 14:28 | Build | Palisade Wall |
| 14:32 | Queue | Villager (Male) |
| 14:43 | Build | Watch Tower |
| 14:48 | Queue | Villager (Male) |
| 14:50 | Build | Farm |
| 14:51 | Build | Farm |
| 14:53 | Queue | Villager (Male) |
| 15:05 | Queue | Villager (Male) |
| 15:09 | Build | House |
| 15:12 | Build | Stone Wall |
| 15:32 | Queue | Villager (Male) |
| 15:42 | Queue | Villager (Male) |
| 15:45 | Queue | Villager (Male) |
| 15:54 | Build | Stone Wall |
| 16:14 | Queue | Villager (Male) |
| 16:24 | Build | Stone Wall |
| 16:26 | Build | Farm |
| 16:27 | Build | Farm |
| 16:28 | Build | Farm |
| 16:31 | Queue | Villager (Male) |
| 16:40 | Queue | Villager (Male) |
| 16:48 | Build | Mining Camp |
| 16:49 | Queue | Villager (Male) |
| 16:59 | Build | Market |
| 17:03 | Build | Farm |
| 17:04 | Queue | Villager (Male) |
| 17:08 | Build | Stone Wall |
| 17:20 | Build | Farm |
| 17:22 | Build | Farm |
| 17:31 | Build | Stone Wall |
| 17:32 | Build | Stone Wall |
| 17:32 | Build | Stone Wall |
| 17:33 | Build | Stone Wall |
| 17:38 | Build | Stone Wall |
| 17:44 | Build | Stone Wall |
| 17:48 | Queue | Villager (Male) |
| 17:52 | Build | Stone Wall |
| 17:55 | Build | Farm |
| 18:00 | Queue | Villager (Male) |
| 18:05 | Queue | Villager (Male) |
| 18:16 | Build | Stone Wall |
| 18:26 | Build | Farm |
| 18:31 | Build | Stone Wall |
| 18:32 | Build | Stone Wall |
| 18:45 | Build | Stone Wall |
| 19:05 | Build | Stone Wall |
| 19:06 | Build | Stone Wall |
| 19:07 | Build | Stone Wall |
| 19:07 | Build | Stone Wall |
| 19:19 | Queue | Villager (Male) |
| 19:21 | Build | Stone Wall |
| 19:37 | Build | Mining Camp |
| 19:46 | Queue | Villager (Male) |
| 19:57 | Build | Farm |
| 20:19 | Queue | Villager (Male) |
| 20:31 | Build | Blacksmith |
| 20:37 | Build | Stone Wall |
| 20:38 | Build | Stone Wall |
| 20:51 | Research | Castle Age |
| 21:20 | Research | Padded Archer Armor |
| 21:20 | Research | Fletching |
| 21:36 | Build | Farm |
| 21:54 | Build | Mining Camp |
| 22:10 | Build | Farm |
| 22:11 | Queue | Villager (Male) |
| 22:12 | Build | Archery Range |
| 22:23 | Build | Lumber Camp |
| 22:49 | Build | Archery Range |
| 22:54 | Queue | Villager (Male) |
| 23:02 | Build | Lumber Camp |
| 23:04 | Queue | Villager (Male) |
| 23:08 | Build | House |
| 23:27 | Build | Watch Tower |
| 23:30 | Queue | Villager (Male) |
| 23:31 | Age | Castle Age |
| 23:33 | Queue | Cavalry Archer |
| 24:00 | Queue | Cavalry Archer |
| 24:16 | Build | Archery Range |
| 24:19 | Queue | Villager (Male) |
| 24:22 | Queue | Villager (Male) |
| 24:24 | Queue | Cavalry Archer |
| 24:41 | Research | Town Watch |
| 24:41 | Queue | Villager (Male) |
| 24:43 | Queue | Cavalry Archer |
| 24:49 | Build | Farm |
| 24:55 | Queue | Villager (Male) |
| 25:11 | Queue | Cavalry Archer |
| 25:19 | Build | House |
Build order — DYN_BenderGC
102 actions detected in the replay
| 0:00 | Queue | Villager (Male) |
| 0:02 | Build | House |
| 0:03 | Build | House |
| 0:10 | Queue | Villager (Male) |
| 0:14 | Queue | Villager (Male) |
| 0:16 | Queue | Villager (Male) |
| 1:22 | Queue | Villager (Male) |
| 2:07 | Queue | Villager (Male) |
| 2:19 | Queue | Villager (Male) |
| 2:43 | Queue | Villager (Male) |
| 3:00 | Queue | Villager (Male) |
| 3:22 | Queue | Villager (Male) |
| 3:23 | Build | Lumber Camp |
| 3:27 | Queue | Villager (Male) |
| 3:41 | Queue | Villager (Male) |
| 4:14 | Queue | Villager (Male) |
| 4:20 | Queue | Villager (Male) |
| 4:35 | Build | House |
| 5:11 | Build | Palisade Wall |
| 5:12 | Build | Palisade Wall |
| 5:13 | Queue | Villager (Male) |
| 5:15 | Queue | Villager (Male) |
| 6:14 | Build | House |
| 6:17 | Queue | Villager (Male) |
| 7:13 | Queue | Villager (Male) |
| 7:27 | Build | Mill |
| 7:42 | Queue | Villager (Male) |
| 8:10 | Queue | Villager (Male) |
| 8:48 | Research | Feudal Age |
| 8:49 | Research | Feudal Age |
| 9:01 | Build | Palisade Wall |
| 9:05 | Build | Palisade Wall |
| 9:26 | Build | Palisade Wall |
| 9:44 | Build | Palisade Wall |
| 9:50 | Build | Palisade Wall |
| 9:52 | Build | Palisade Wall |
| 9:56 | Build | Palisade Wall |
| 10:03 | Build | Palisade Wall |
| 10:58 | Age | Feudal Age |
| 11:08 | Research | Loom |
| 11:20 | Build | Market |
| 11:32 | Build | Palisade Wall |
| 11:39 | Build | Blacksmith |
| 11:59 | Queue | Villager (Male) |
| 12:25 | Build | Palisade Wall |
| 12:44 | Research | Castle Age |
| 12:45 | Research | Castle Age |
| 12:45 | Research | Castle Age |
| 12:52 | Build | Mining Camp |
| 13:04 | Build | Watch Tower |
| 13:39 | Build | Mining Camp |
| 14:49 | Build | Farm |
| 14:52 | Queue | Villager (Male) |
| 15:24 | Age | Castle Age |
| 17:10 | Build | Castle |
| 17:15 | Build | Castle |
| 17:59 | Build | Farm |
| 18:51 | Queue | Conquistador |
| 18:51 | Queue | Conquistador |
| 18:52 | Queue | Conquistador |
| 19:26 | Build | Lumber Camp |
| 20:48 | Queue | Conquistador |
| 21:00 | Build | Market |
| 21:28 | Queue | Conquistador |
| 21:29 | Queue | Conquistador |
| 21:37 | Build | Mining Camp |
| 21:45 | Queue | Petard |
| 21:55 | Queue | Conquistador |
| 21:55 | Queue | Conquistador |
| 21:55 | Queue | Conquistador |
| 22:40 | Queue | Conquistador |
| 22:40 | Queue | Conquistador |
| 23:06 | Build | Siege Workshop |
| 23:39 | Queue | Conquistador |
| 23:39 | Queue | Conquistador |
| 23:56 | Queue | Conquistador |
| 24:17 | Queue | Conquistador |
| 24:17 | Queue | Conquistador |
| 25:13 | Queue | Scorpion |
| 25:13 | Queue | Mangonel |
| 25:14 | Queue | Conquistador |
| 25:17 | Queue | Mangonel |
| 25:22 | Research | Padded Archer Armor |
| 25:51 | Queue | Mangonel |
| 26:03 | Queue | Conquistador |
| 26:03 | Queue | Conquistador |
| 26:22 | Queue | Conquistador |
| 27:21 | Queue | Mangonel |
| 27:47 | Queue | Conquistador |
| 27:54 | Build | Farm |
| 27:55 | Queue | Conquistador |
| 28:29 | Queue | Mangonel |
| 28:30 | Queue | Mangonel |
| 29:13 | Queue | Conquistador |
| 29:14 | Queue | Mangonel |
| 30:01 | Build | Farm |
| 30:01 | Build | Farm |
| 30:02 | Queue | Conquistador |
| 30:19 | Queue | Conquistador |
| 30:54 | Queue | Conquistador |
| 31:32 | Queue | Conquistador |
| 31:34 | Queue | Mangonel |
Match timeline
| 3:16 | Psi doc · wall_segment Palisade Wall x1 |
| 3:17 | Psi doc · wall_segment Palisade Wall x1 |
| 3:18 | Psi doc · wall_segment Palisade Wall x1 |
| 3:35 | Psi doc · wall_segment Palisade Wall x1 |
| 3:35 | Psi doc · wall_segment Palisade Wall x1 |
| 3:37 | Psi doc · wall_segment Palisade Wall x1 |
| 4:06 | Psi doc · wall_segment Palisade Wall x5 |
| 4:08 | Psi doc · wall_segment Palisade Wall x3 |
| 5:11 | DYN_BenderGC · wall_segment Palisade Wall x1 |
| 5:12 | DYN_BenderGC · wall_segment Palisade Wall x1 |
| 9:01 | DYN_BenderGC · wall_segment Palisade Wall x6 |
| 9:05 | DYN_BenderGC · wall_segment Palisade Wall x4 |
| 9:26 | DYN_BenderGC · wall_segment Palisade Wall x12 |
| 9:44 | DYN_BenderGC · wall_segment Palisade Wall x1 |
| 9:50 | DYN_BenderGC · wall_segment Palisade Wall x1 |
| 9:52 | DYN_BenderGC · wall_segment Palisade Wall x1 |
| 9:56 | DYN_BenderGC · wall_segment Palisade Wall x1 |
| 9:58 | Psi doc · first_building Barracks |
| 10:03 | DYN_BenderGC · wall_segment Palisade Wall x3 |
| 10:39 | Psi doc · age_up feudal |
| 10:58 | DYN_BenderGC · age_up feudal |
| 11:32 | DYN_BenderGC · wall_segment Palisade Wall x1 |
| 12:25 | DYN_BenderGC · wall_segment Palisade Wall x1 |
| 12:38 | DYN_BenderGC · first_market_sell 100 wood |
| 14:25 | Psi doc · wall_segment Palisade Wall x1 |
| 14:26 | Psi doc · wall_segment Palisade Wall x1 |
| 14:26 | Psi doc · wall_segment Palisade Wall x1 |
| 14:28 | Psi doc · wall_segment Palisade Wall x1 |
| 15:12 | Psi doc · wall_segment Stone Wall x12 |
| 15:24 | DYN_BenderGC · age_up castle |
| 15:54 | Psi doc · wall_segment Stone Wall x9 |
| 16:24 | Psi doc · wall_segment Stone Wall x13 |
| 17:06 | DYN_BenderGC · first_market_buy 100 stone |
| 17:08 | Psi doc · wall_segment Stone Wall x4 |
| 17:10 | DYN_BenderGC · first_building Castle |
| 17:31 | Psi doc · wall_segment Stone Wall x1 |
| 17:32 | Psi doc · wall_segment Stone Wall x1 |
| 17:32 | Psi doc · wall_segment Stone Wall x1 |
| 17:33 | Psi doc · wall_segment Stone Wall x1 |
| 17:38 | Psi doc · wall_segment Stone Wall x3 |
| 17:44 | Psi doc · wall_segment Stone Wall x4 |
| 17:52 | Psi doc · wall_segment Stone Wall x4 |
| 18:16 | Psi doc · wall_segment Stone Wall x5 |
| 18:31 | Psi doc · wall_segment Stone Wall x1 |
| 18:32 | Psi doc · wall_segment Stone Wall x1 |
| 18:45 | Psi doc · wall_segment Stone Wall x4 |
| 19:05 | Psi doc · wall_segment Stone Wall x1 |
| 19:06 | Psi doc · wall_segment Stone Wall x1 |
| 19:07 | Psi doc · wall_segment Stone Wall x1 |
| 19:07 | Psi doc · wall_segment Stone Wall x1 |
| 19:21 | Psi doc · wall_segment Stone Wall x3 |
| 19:49 | Psi doc · first_market_buy 100 food |
| 19:50 | Psi doc · first_market_sell 100 wood |
| 20:37 | Psi doc · wall_segment Stone Wall x1 |
| 20:38 | Psi doc · wall_segment Stone Wall x1 |
| 22:12 | Psi doc · first_building Archery Range |
| 23:06 | DYN_BenderGC · first_building Siege Workshop |
| 23:31 | Psi doc · age_up castle |
| 25:29 | Psi doc · wall_segment Stone Wall x1 |
| 25:30 | Psi doc · wall_segment Stone Wall x1 |
| 30:27 | Psi doc · first_building Siege Workshop |
| 32:13 | Psi doc · resign |
[ AI ANALYSIS · 1 CREDIT ]
What really happened in this match?
Wolo.gg analyzes every decision: build order, eco, micro, common mistakes by bracket. Personalized analysis on WhatsApp or Discord in 30 seconds.
Civ guide
Burgundians
Perfil
Jugador #20443694